 Dungeon Crawl Stone Soup version 0.31-a0-187-gba352fbbf7 (webtiles) character file.

Game seed: 3947057649707976206

302 qw the Skirmisher (level 6, -2/36 HPs)
             Began as a Deep Elf Hunter on June 22, 2023.
             Slain by a wight
             ... wielding a +3 long sword
              (8 damage)
             ... on level 4 of the Dungeon.
             The game lasted 00:00:56 (1994 turns).

qw the Skirmisher (Deep Elf Hunter)                 Turns: 1994, Time: 00:00:56

Health: -2/36      AC:  9    Str: 10    XL:     6   Next: 14%
Magic:  8/8        EV:  9    Int: 14    God:
Gold:   11         SH:  0    Dex: 18    Spells: 5/5 levels left

rFire   . . .        Y - +1 shortbow
rCold   . . .        (shield currently unavailable)
rNeg    . . .        e - +0 scale mail
rPois   .            (no helmet)
rElec   .            (no cloak)
rCorr   .            h - +0 pair of gloves
SInv    .            f - +1 pair of boots
Will    .....        (no amulet)
Stlth   +            (no ring)
HPRegen 0.26/turn    (no ring)
MPRegen 0.11/turn

%: no passive effects
@: lethally poisoned (-2 -> -5)
A: no striking features
a: no special abilities


You were on level 4 of the Dungeon.
You visited 1 branch of the dungeon, and saw 4 of its levels.

You collected 111 gold pieces.
You spent 100 gold pieces at shops.


   Skills:
 - Level 2.3 Fighting
 + Level 9.0 Ranged Weapons
 - Level 1.2 Armour
 - Level 2.4 Dodging
 - Level 1.2 Stealth


You had 5 spell levels left.
You didn't know any spells.
Your spell library was empty.

Inventory:

Hand Weapons
 Y - a +1 shortbow (weapon)
Armour
 b - a +0 ring mail
 e - a +0 scale mail (worn)
 f - a +1 pair of boots (worn)
 h - a +0 pair of gloves (worn)
Scrolls
 j - a scroll of fog {unknown}
Potions
 a - a potion of attraction {unknown}
 c - a potion of might {unknown}
 d - a potion of enlightenment {unknown}
 g - a potion of lignification {unknown}
 i - a potion of curing

Dungeon Overview and Level Annotations

Branches:
Dungeon (3/15)

Altars:
Makhleb

Shops:
D:3 [


Message History

You shoot an arrow. The arrow hits the wight.
The wight is heavily damaged.
A wight comes into view. It is wielding a +0 short sword.
The wight hits you with a +3 long sword.
The wight barely misses you.
You shoot an arrow. The arrow closely misses the wight.
The wight barely misses you.
You shoot an arrow.
The arrow hits the wight but does no damage.
The wight is heavily damaged.
The wight hits you with a +3 long sword.
You shoot an arrow. The arrow hits the wight.
The wight is heavily damaged.
The wight hits you but does no damage.
You shoot an arrow. The arrow hits the wight.
The wight is heavily damaged.
An adder comes into view.
The wight completely misses you. The wight closely misses you.
You shoot an arrow. The adder hisses angrily.
The arrow hits the wight but does no damage.
The wight is heavily damaged.
The wight hits you with a +0 short sword.
The wight hits you but does no damage.
You shoot an arrow. The arrow hits the wight.
The wight is severely damaged.
The wight hits you but does no damage.
The wight hits you with a +3 long sword.
You shoot an arrow. The arrow hits the wight.
The wight is almost destroyed.
The wight hits you but does no damage. The wight closely misses you.
The adder bites you.
You are poisoned.
The adder poisons you!
You shoot an arrow. The arrow hits the wight.
The wight is almost destroyed.
You feel sick. The adder barely misses you.
The wight hits you but does no damage.
The wight hits you with a +3 long sword! x2
You die...

#.......#........##
####.##...........#
#..............#
####...........# ######
##..........#### #....#
#^.............
#....######....)........
#.....)))).......z.####
#....#####......@z..#
#.#### ######.S...# ###
##....# ##.!.# #%.# ...
##.. .<.


You could see 2 wights and an adder.

Vanquished Creatures
  A phantom (D:4)
  A wight (D:4)
  An orc priest (D:4)
  A sleepcap (D:4)
  6 adders
  A worm (D:3)
  2 dart slugs
  6 orcs (D:4)
  4 endoplasms
  4 giant cockroaches
  5 goblins
  7 hobgoblins
  3 kobolds
  4 quokkas
  2 ball pythons (D:1)
  7 bats (D:1)
  7 frilled lizards
  2 rats (D:1)
64 creatures vanquished.

Notes
Turn   | Place    | Note
-------+----------+-------------------------------------------
     0 | D:1      | qw the Deep Elf Hunter began the quest for the Orb.
     0 | D:1      | Reached XP level 1. HP: 12/12 MP: 3/3
     0 | D:1      | 0 ||| qw: Version: 0.3-a-9-g12657ce
     0 | D:1      | 0 ||| qw: Game counter: 2514
     0 | D:1      | 0 ||| qw: Always use a shield: true
     0 | D:1      | 0 ||| qw: God list: Okawaru
     0 | D:1      | 0 ||| qw: Allow faded altars: false
     0 | D:1      | 0 ||| qw: Do Orc after D:15 true
     0 | D:1      | 0 ||| qw: Do second Lair branch before Depths: true
     0 | D:1      | 0 ||| qw: Lair rune preference: random
     0 | D:1      | 0 ||| qw: Plans: Normal
     0 | D:1      | 0 ||| PLANNING D:1-11
    88 | D:1      | 88 ||| FLEEEEING.
   180 | D:1      | Reached XP level 2. HP: 16/16 MP: 4/4
   205 | D:1      | Reached skill level 6 in Ranged Weapons
   340 | D:1      | 340 ||| FLEEEEING.
   817 | D:1      | Reached XP level 3. HP: 20/20 MP: 5/5
   993 | D:1      | 993 ||| DROPPING amulet of magic regeneration.
   994 | D:1      | 994 ||| DROPPING scroll of butterflies.
  1064 | D:2      | Found a faded altar of an unknown god.
  1074 | D:2      | Reached skill level 7 in Ranged Weapons
  1301 | D:2      | Reached XP level 4. HP: 25/25 MP: 6/6
  1414 | D:2      | Found a burning altar of Makhleb.
  1491 | D:2      | 1491 ||| UPGRADING to +0 scale mail.
  1501 | D:2      | 1501 ||| DROPPING +0 leather armour.
  1502 | D:2      | 1502 ||| UPGRADING to +1 pair of boots.
  1507 | D:2      | 1507 ||| UPGRADING to +0 pair of gloves.
  1512 | D:2      | 1512 ||| READING scroll labelled MAIRCH PEEPN.
  1513 | D:2      | 1513 ||| READING scroll labelled GYPIRCH VUDGHERGHO.
  1514 | D:2      | 1514 ||| READING scroll labelled PACLOODADY.
  1515 | D:2      | 1515 ||| READING scroll labelled LOGGOT WOWUHEUDD.
  1516 | D:2      | 1516 ||| DRINKING 2 emerald potions.
  1643 | D:3      | Found Vinias's Antique Armour Emporium.
  1651 | D:3      | 1651 ||| SHOPLISTING helmet (112 gold, have 100).
  1651 | D:3      | 1651 ||| SHOPLISTING jewelled scale mail (225 gold, have
                  | 100).
  1651 | D:3      | 1651 ||| BUYING ring mail (100 gold).
  1651 | D:3      | Bought a ring mail for 100 gold pieces
  1773 | D:3      | You fall into a shaft and drop 1 floor!
  1788 | D:4      | HP: 4/25 [sleepcap (19)]
  1794 | D:4      | Reached skill level 8 in Ranged Weapons
  1859 | D:4      | Reached skill level 1 in Armour
  1859 | D:4      | Reached XP level 5. HP: 20/29 MP: 7/7
  1865 | D:4      | Noticed a phantom
  1879 | D:4      | Killed a phantom
  1880 | D:4      | Reached skill level 9 in Ranged Weapons
  1985 | D:4      | Reached XP level 6. HP: 36/36 MP: 8/8
  1994 | D:4      | HP: 6/36 [wight/+3 long sword (14)]
  1994 | D:4      | Slain by a wight

Levels and vault maps discovered:
D:1:      mrwooster_arrival_statue, layout_basic
D:2:      layout_rooms, hellmonk_ecumenical_altar_zigzags, basic_altar,
          minmay_pentomino_t4
D:3:      layout_basic, serial_shops, nicolae_shop_scrapyard
D:4:      layout_rooms, yredelemnul_forgotten_temple_becter, tgw_xom,
          ebering_ghost_disaster_area

Skill      XL: |  1  2  3  4  5 |
---------------+----------------+-----
Ranged Weapons | 6 7 8 9 |  9.0
Armour         | 1 |  1.2
Fighting       | 2 |  2.3
Dodging        | |  2.4
Stealth        | |  1.2

Action                     |  1- 3 |  4- 6 || total
---------------------------+-------+-------++-------
   Fire: Shortbow          |   117 |   112 ||   229
    Use: Scroll            |       |     4 ||     4
         Potion            |       |     1 ||     1
 Armour: Leather armour    |     8 |       ||     8
         Scale mail        |       |    23 ||    23
  Dodge: Dodged            |    28 |    24 ||    52

Table legend:
 A = Non-vault XP
 B = Vault XP
 C = Vault XP percentage of total XP
 D = Non-vault monster count
 E = Vault monster count
 F = Vault count percentage of total count
                 A         B        C        D         E       F
            +---------+---------+-------+---------+---------+-------
      Total |     426 |       6 |   1.4 |      61 |       3 |   4.7
            +---------+---------+-------+---------+---------+-------
        D:1 |      47 |       0 |   0.0 |      29 |       0 |   0.0
        D:2 |      51 |       6 |  10.5 |      10 |       3 |  23.1
        D:3 |      41 |       0 |   0.0 |       7 |       0 |   0.0
        D:4 |     287 |       0 |   0.0 |      15 |       0 |   0.0
            +---------+---------+-------+---------+---------+-------
